 Seeded DCSS version 0.31-a0-1-g4198be8af4 (webtiles) character file.

Game seed: 548224908236487523 (custom seed)

68 Pimp the Shield-Bearer (level 4, 0/29 HPs)
             Began as a Gargoyle Fighter on May 2, 2023.
             Slain by a gnoll
             ... wielding a +0 spear
              (5 damage)
             ... on level 2 of the Dungeon.
             The game lasted 00:01:36 (1497 turns).

Pimp the Shield-Bearer (Gargoyle Fighter)           Turns: 1497, Time: 00:01:36

Health: 0/29       AC: 11    Str: 22    XL:     4   Next: 19%
Magic:  4/4        EV:  9    Int:  8    God:
Gold:   127        SH:  4    Dex:  9    Spells: 3/3 levels left

rFire   . . .        a - +0 trident
rCold   . . .        c - +0 buckler
rNeg    + . .        b - +0 scale mail
rPois   ∞            (no helmet)
rElec   +            i - +0 cloak
rCorr   .            (no gloves)
SInv    .            (no boots)
Will    .....        (no amulet) Stlth
                     (no ring)
HPRegen 0.24/turn    (no ring)
MPRegen 0.09/turn

%: no passive effects
@: no status effects
A: sickness immunity, AC +3, negative energy resistance 1, electricity
resistance, torment resistance 1, petrification resistance
a: no special abilities


You were on level 2 of the Dungeon.
You visited 1 branch of the dungeon, and saw 2 of its levels.

You collected 127 gold pieces.

Inventory:

Hand Weapons
 a - a +0 trident (weapon)
Armour
 b - a +0 scale mail (worn)
 c - a +0 buckler (worn)
 i - a +0 cloak (worn)
Scrolls
 g - a scroll of identify {unknown}
 h - a scroll of blinking {unknown}
 m - a scroll of magic mapping {unknown}
Potions
 d - a potion of might
 e - a potion of ambrosia {unknown}
 f - 2 potions of haste {unknown}
 j - a potion of magic {unknown}
 k - a potion of heal wounds {unknown}
 l - a potion of curing {unknown}
 n - 2 potions of flight {unknown}
 o - a potion of mutation {unknown}


   Skills:
 + Level 3.9 Fighting
 + Level 2.4 Polearms
 + Level 3.9 Armour
 + Level 3.9 Shields


You had 3 spell levels left.
You didn't know any spells.
Your spell library contained the following spells:

 Spells                   Type           Power      Damage    Failure   Level
 Blink                    Tloc           0%         N/A       90%         2
 Lesser Beckoning         Tloc           0%         N/A       90%         2
 Momentum Strike          Conj/Tloc      0%         3d8       90%         2


Dungeon Overview and Level Annotations

Branches:
Dungeon (2/15)

Altars:


Innate Abilities, Weirdness & Mutations

You are immune to sickness and miasma.
Your stone body is resilient. (AC +3)
You are immune to poison.
You resist negative energy. (rN+)
You are resistant to electric shocks. (rElec)
You are resistant to unholy torment.
You are immune to petrification.


Message History

The gnoll moves out of view. x2
A gnoll comes into view. It is wielding a +0 spear.
There are monsters nearby!
The gnoll hits you but does no damage. x2
The gnoll hits you with a +0 whip. The gnoll hits you with a +0 spear.
The gnoll hits you but does no damage. The gnoll hits you with a +0 whip.
The gnoll misses you. The gnoll attacks as you move away!
You block the gnoll's attack. The gnoll completely misses you.
You hit the gnoll.
The gnoll is lightly wounded.
The gnoll barely misses you.
The gnoll hits you from afar with a +0 spear.
You puncture the gnoll!
The gnoll is severely wounded.
You block the gnoll's attack.
The gnoll hits you from afar with a +0 spear.
You hit the gnoll.
The gnoll is severely wounded.
The gnoll hits you but does no damage. The gnoll misses you.
You hit the gnoll.
You kill the gnoll!
The gnoll hits you but does no damage.
The gnoll hits you from afar with a +0 spear.
You closely miss the gnoll. The gnoll barely misses you.
The gnoll hits you from afar with a +0 spear.
The gnoll barely misses you.
The gnoll hits you from afar with a +0 spear.
You barely miss the gnoll. The gnoll barely misses you. x2
You hit the gnoll.
The gnoll is lightly wounded.
The gnoll hits you but does no damage. You block the gnoll's attack.
You hit the gnoll.
The gnoll is lightly wounded.
The gnoll hits you with a +0 spear.
* * * LOW HITPOINT WARNING * * *
The gnoll hits you from afar with a +0 spear.
* * * LOW HITPOINT WARNING * * *
The gnoll attacks as you move away! The gnoll hits you with a +0 spear.
You die...

.# #.#####.##.# #.#..# ### #
#..........# ##....#######
####.......# #.........##.
##..#.###.# #.##..###.#..
####...#.###.###.#...###....
+.............).....#.......
#...#####.###.#...###....
#...#####.# #.##..# #.#..
#.#..ggg@.# #.###.###.##.
#.######### #.........### #.
#####.##### # #. #.# #. #.#
#. #.# ##### #.# #....
#.###.#.. #........


You could see 3 gnolls.

Vanquished Creatures
  A gnoll (D:2)
  2 adders (D:2)
  2 worms (D:2)
  A dart slug (D:1)
  2 bats
  2 endoplasms (D:1)
  2 giant cockroaches (D:2)
  3 goblins
  3 hobgoblins
  3 jackals (D:1)
  3 kobolds
  3 ball pythons
  2 frilled lizards (D:1)
  3 rats (D:2)
32 creatures vanquished.

Notes
Turn   | Place    | Note
-------+----------+-------------------------------------------
     0 | D:1      | Pimp the Gargoyle Fighter began the quest for the Orb.
     0 | D:1      | Reached XP level 1. HP: 14/14 MP: 1/1
   138 | D:1      | Reached XP level 2. HP: 19/19 MP: 2/2
   777 | D:2      | Reached XP level 3. HP: 14/23 MP: 3/3
  1003 | D:2      | Found a faded altar of an unknown god.
  1433 | D:2      | Reached XP level 4. HP: 29/29 MP: 4/4
  1497 | D:2      | Slain by a gnoll

Illustrated notes

Levels and vault maps discovered:
D:1:      evilmike_arrival_rings, layout_rooms, serial_glass, glass_columns_c,
          glass_columns_a, glass_columns_a, glass_columns_a
D:2:      layout_loops_corners, shapermc_ecumenical_altar_totnotflames

Skill      XL: |  1 |
---------------+----+-----
Polearms       | 2 |  2.4
Fighting       | |  3.9
Armour         | |  3.9
Shields        | |  3.9

Action                     |  1- 3 |  4- 6 || total
---------------------------+-------+-------++-------
  Melee: Trident           |   131 |    12 ||   143
 Armour: Scale mail        |    88 |     8 ||    96
  Dodge: Dodged            |    78 |     9 ||    87
  Block: Buckler           |    24 |     4 ||    28

Table legend: (Time is in decaauts)
 A = Elapsed time spent in this place.
 B = Non-inter-level travel time spent in this place.
 C = Inter-level travel time spent in this place.
 D = Time resting spent in this place.
 E = Time spent auto-exploring this place.
 F = Levels seen in this place.
 G = Mean time per level.
                   A        B        C        D        E       F      G
               +--------+--------+--------+--------+--------+-----+--------+
         Total |   1528 |   1445 |     83 |     35 |   1069 |   2 |  764.0 |
       Dungeon |   1528 |   1445 |     83 |     35 |   1069 |   2 |  764.0 |
               +--------+--------+--------+--------+--------+-----+--------+

Top non-repeatable levels by time:
     D:2: 851 daAuts
     D:1: 677 daAuts
